 Dungeon Crawl Stone Soup version 0.32-a0-314-g526f7d4993 (webtiles) character file.

Game seed: 692835341269929960

1626 anacleto the Destroyer (level 8, 0/41 HPs)
             Began as a Deep Elf Conjurer on Feb 16, 2024.
             Was an Initiate of Vehumet.
             Slain by a gnoll sergeant
             ... wielding a +0 spear
              (9 damage)
             ... on level 7 of the Dungeon.
             The game lasted 00:19:29 (7853 turns).

anacleto the Destroyer (Deep Elf Conjurer)          Turns: 7853, Time: 00:19:30

Health: 0/41       AC:  6    Str:  4    XL:     8   Next: 65%
Magic:  3/21       EV: 12    Int: 26    God:    Vehumet [......]
Gold:   321        SH:  0    Dex: 13    Spells: 7/22 levels left

rFire   . . .        w - staff of earth
rCold   + . .        (no shield)
rNeg    . . .        a - +0 robe
rPois   .            (no helmet)
rElec   +            (no cloak)
rCorr   .            (no gloves)
SInv    .            (no boots)
Will    .....        (no amulet)
Stlth   ++           u - ring of wizardry
HPRegen 0.26/turn    i - +4 ring of protection
MPRegen 0.17/turn

%: wizardry (x1)
@: no status effects
A: cold resistance 1, electricity resistance
a: Renounce Religion


You were on level 7 of the Dungeon.
You worshipped Vehumet.
Vehumet was noncommittal.
You visited 1 branch of the dungeon, and saw 7 of its levels.

You collected 321 gold pieces.

Inventory:

Armour
 a - a +0 robe (worn)
Magical Staves
 w - a staff of earth (weapon)
Jewellery
 i - a +4 ring of protection (right hand)
 u - a ring of wizardry (left hand)
 z - a ring of poison resistance
Scrolls
 c - a scroll of blinking {unknown}
 e - 3 scrolls of torment {unknown}
 k - 4 scrolls of identify {unknown}
 m - 7 scrolls of teleportation
 n - a scroll of enchant weapon {unknown}
 r - 2 scrolls of immolation {unknown}
 t - a scroll of acquirement {unknown}
 v - a scroll of noise {unknown}
 x - a scroll of vulnerability {unknown}
 y - a scroll of fear {unknown}
 A - a scroll of fog {unknown}
Potions
 b - 2 potions of magic
 d - 2 potions of haste
 f - a potion of mutation
 g - a potion of lignification {unknown}
 h - 2 potions of degeneration {unknown}
 j - a potion of enlightenment {unknown}
 l - 3 potions of might
 o - a potion of cancellation {unknown}
 p - a potion of curing
 q - 3 potions of attraction {unknown}
 s - a potion of brilliance {unknown}


   Skills:
 - Level 2.4 Dodging
 - Level 2.4 Stealth
 + Level 7.7 Spellcasting
 * Level 9.5 Conjurations
 + Level 2.3 Translocations
 + Level 4.6 Fire Magic
 + Level 2.5 Alchemy


You had 7 spell levels left.
You knew the following spells:

 Your Spells              Type           Power      Damage    Failure   Level
a - Magic Dart            Conj           100%       1d8       1%          1
b - Searing Ray           Conj           100%       2d8       1%          2
c - Flame Wave            Conj/Fire      46%        2d12      1%          4
d - Fulminant Prism       Conj/Alch      20%        3d12      1%          4
e - Iskenderun's Mystic   Conj/Tloc      40%        2d9       1%          4

Your spell library contained the following spells:

 Spells                   Type           Power      Damage    Failure   Level
 Hailstorm                Conj/Ice       34%        3d8       1%          3
 Freeze                   Ice            40%        1d6       2%          1
 Cigotuvi's Dreadful Rot  Necr/Alch/Air  28%        N/A       2%          2
 Inner Flame              Hex/Fire       22%        N/A       2%          3
 Ignite Poison            Fire/Alch      28%        N/A       5%          4
 Sticky Flame             Fire/Alch      28%        2d7       5%          4
 Frozen Ramparts          Ice            20%        1d4       7%          3
 Freezing Cloud           Conj/Ice/Air   13%        6-21      17%         5


Dungeon Overview and Level Annotations

Branches:
Dungeon (7/15)             Temple (0/1) D:6

Altars:
Dithmenos
Elyvilon
Hepliaklqana
Vehumet

Shops:
D:4 [   D:5 (   D:7 *

Annotations:
D:4 2 transporters


Innate Abilities, Weirdness & Mutations

Your flesh is cold resistant. (rC+)
You are resistant to electric shocks. (rElec)


Message History

Casting: Magic Dart (safe; 1% risk of failure)
Confirm with . or Enter, or press ? or * to list all spells.
Aiming: Searing Ray (safe; 1% risk of failure)
Press: ? - help, Shift-Dir - straight line, f/p - gnoll sergeant
Aim: a gnoll sergeant, wielding a +0 spear, wearing a +0 scale mail and wearing a +2 buckler (lightly wounded, 87% to hit)
The searing ray hits the gnoll sergeant.
The gnoll sergeant is lightly wounded. (Press . to maintain the ray.)
The gnoll sergeant hits you from afar with a +0 spear.
The searing ray hits the gnoll sergeant.
The gnoll sergeant is lightly wounded.
The gnoll sergeant barely misses you.
The searing ray hits the gnoll sergeant.
The gnoll sergeant is moderately wounded.
The gnoll sergeant hits you from afar with a +0 spear!
The searing ray hits the gnoll sergeant!
The gnoll sergeant is heavily wounded.
You finish channelling your searing ray.
The gnoll sergeant misses you.
Casting: Searing Ray (safe; 1% risk of failure)
Confirm with . or Enter, or press ? or * to list all spells.
Aiming: Searing Ray (safe; 1% risk of failure)
Press: ? - help, Shift-Dir - straight line, f/p - gnoll sergeant
Aim: a gnoll sergeant, wielding a +0 spear, wearing a +0 scale mail and wearing a +2 buckler (heavily wounded, 87% to hit)
The searing ray hits the gnoll sergeant.
The gnoll sergeant is severely wounded. (Press . to maintain the ray.)
The gnoll sergeant hits you from afar with a +0 spear.
The searing ray hits the gnoll sergeant but does no damage.
The gnoll sergeant is severely wounded.
The gnoll sergeant closely misses you.
The searing ray hits the gnoll sergeant.
The gnoll sergeant is almost dead.
The gnoll sergeant hits you from afar with a +0 spear!
* * * LOW HITPOINT WARNING * * *
The searing ray hits the gnoll sergeant but does no damage.
The gnoll sergeant is almost dead.
You finish channelling your searing ray.
The gnoll sergeant hits you from afar with a +0 spear!
You die...

######......#
#....#......#
#....#......#
'....#.....(###
##...#........##########
##...#..................
.....#......∩.............
.....#....................
.....#..........@)........
.....#....................
.....#............g.......
..<..#.>..................
.....#....................
##...#....................
##+################......#
.# ......# .# ......#


You could see a gnoll sergeant.

Vanquished Creatures
  An ice beast (D:7)
  A sky beast (D:4)
  3 black bears
  A gnoll sergeant (D:6)
  A bullfrog (D:6)
  2 scorpions (D:5)
  3 wights (D:7)
  2 bombardier beetles (D:5)
  2 hounds
  A jelly (D:6)
  A sleepcap (D:4)
  Jessica (D:2)
  3 iguanas
  An orc wizard (D:4)
  14 gnolls
  7 adders
  2 shadow imps (D:6)
  2 white imps
  2 ufetubi (D:6)
  2 dart slugs
  5 ribbon worms
  18 orcs
  8 endoplasms
  3 giant cockroaches
  6 goblins
  7 hobgoblins
  3 jackals (D:2)
  9 kobolds
  6 quokkas
  6 ball pythons
  7 bats
  2 frilled lizards
  3 rats
135 creatures vanquished.

Vanquished Creatures (others)
  A fulminant prism (D:4)
1 creature vanquished.

Grand Total: 136 creatures vanquished

Notes
Turn   | Place    | Note
-------+----------+-------------------------------------------
     0 | D:1      | anacleto the Deep Elf Conjurer began the quest for the Orb.
     0 | D:1      | Reached XP level 1. HP: 10/10 MP: 6/6
   177 | D:1      | Reached XP level 2. HP: 13/15 MP: 2/8
   381 | D:1      | Reached skill level 5 in Conjurations
   498 | D:1      | Reached XP level 3. HP: 19/19 MP: 3/10
   501 | D:1      | Learned a level 2 spell: Searing Ray
  1012 | D:2      | Reached XP level 4. HP: 24/24 MP: 2/12
  1082 | D:2      | Found a white marble altar of Elyvilon.
  1408 | D:2      | Noticed Jessica
  1411 | D:2      | Killed Jessica
  1457 | D:2      | Reached skill level 6 in Conjurations
  2086 | D:3      | Reached XP level 5. HP: 28/28 MP: 5/14
  2263 | D:3      | Learned a level 4 spell: Flame Wave
  2528 | D:3      | Reached skill level 5 in Spellcasting
  2710 | D:3      | Reached skill level 1 in Fire Magic
  3014 | D:3      | Learned a level 4 spell: Fulminant Prism
  3311 | D:4      | Noticed a black bear
  3320 | D:4      | Killed a black bear
  3321 | D:4      | Reached skill level 7 in Conjurations
  3321 | D:4      | Reached skill level 1 in Alchemy
  3321 | D:4      | Reached XP level 6. HP: 32/32 MP: 11/16
  3871 | D:4      | Found a transporter.
  3874 | D:4      | Found Ytaciq's Antique Armour Shoppe.
  4234 | D:4      | Noticed a sky beast
  4276 | D:4      | Killed a sky beast
  4277 | D:4      | Reached XP level 7. HP: 11/36 MP: 3/18
  4549 | D:4      | Found a transporter.
  4872 | D:5      | Entered Level 5 of the Dungeon
  5024 | D:5      | Found a hazy altar of Hepliaklqana.
  5049 | D:5      | Reached skill level 8 in Conjurations
  5223 | D:5      | Learned a level 4 spell: Iskenderun's Mystic Blast
  5305 | D:5      | Gained mutation: Your flesh is cold resistant. (rC+)
                  | [potion of mutation]
  5305 | D:5      | Gained mutation: You are resistant to electric shocks.
                  | (rElec) [potion of mutation]
  5606 | D:5      | Found a radiant altar of Vehumet.
  5610 | D:5      | Became a worshipper of Vehumet
  5724 | D:5      | Reached XP level 8. HP: 38/41 MP: 11/20
  5794 | D:5      | Identified the +3 ring mail of Xoeclieg {Int+3 Dex+3}
  5822 | D:5      | Found Bam Diloehu's Weapon Shop.
  6469 | D:6      | Reached skill level 1 in Translocations
  6472 | D:6      | Reached skill level 9 in Conjurations
  6658 | D:6      | Found a staircase to the Ecumenical Temple.
  7507 | D:7      | Found a shadowy altar of Dithmenos.
  7635 | D:7      | Found Bosibus's Bounteous Boutique.
  7853 | D:7      | Slain by a gnoll sergeant

Illustrated notes

Levels and vault maps discovered:
D:1:      dpeg_arrival_rhombi, layout_rooms, minmay_door_square,
          serial_bayou_pond_c, dk_noncrumbling_4
D:2:      layout_basic, basic_altar, uniq_jessica
D:3:      layout_rooms
D:4:      minmay_chambers_of_twos, layout_cave_pods, serial_shops,
          nicolae_shop_drivethru
D:5:      layout_cave_pods, mainiacjoe_overflow_24_doors, lemuel_tele_altar,
          serial_shops, shop, serial_column_ruins, column_ruins_circle_medium,
          column_ruins_square_medium, column_ruins_columns_dead_end,
          column_ruins_open_tiny, column_ruins_corridor_straight,
          column_ruins_grid_1
D:6:      layout_basic, minmay_temple_entry_trees
D:7:      layout_gridville, mainiacjoe_overflow_tiny_flanked,
          nicolae_alphabet_shops

Skill      XL: |  1  2  3  4  5  6  7  8 |
---------------+-------------------------+-----
Conjurations   | 5 6 7 8 9 |  9.5
Spellcasting   | 4 5 6 7 |  7.7
Fire Magic     | 1 2 3 4 |  4.6
Alchemy        | 1 2 |  2.5
Translocations | 2 |  2.3
Dodging        | |  2.4
Stealth        | |  2.4

Action                     |  1- 3 |  4- 6 |  7- 9 || total
---------------------------+-------+-------+-------++-------
   Cast: Magic Dart        |    54 |   143 |   128 ||   325
         Searing Ray       |       |    15 |    19 ||    34
         Flame Wave        |       |     1 |     1 ||     2
         Fulminant Prism   |       |     1 |       ||     1
         Iskenderun's Myst |       |       |     2 ||     2
    Use: Potion            |       |       |     4 ||     4
         Scroll            |       |       |     1 ||     1
 Armour: Robe              |     5 |    26 |    35 ||    66
  Dodge: Dodged            |     4 |    27 |    25 ||    56

Table legend: (Time is in decaauts)
 A = Elapsed time spent in this place.
 B = Non-inter-level travel time spent in this place.
 C = Inter-level travel time spent in this place.
 D = Time resting spent in this place.
 E = Time spent auto-exploring this place.
 F = Levels seen in this place.
 G = Mean time per level.
                   A        B        C        D        E       F      G
               +--------+--------+--------+--------+--------+-----+--------+
         Total |   7843 |   7564 |    279 |    980 |   5689 |   7 | 1120.4 |
       Dungeon |   7843 |   7564 |    279 |    980 |   5689 |   7 | 1120.4 |
               +--------+--------+--------+--------+--------+-----+--------+

Top non-repeatable levels by time:
     D:4: 1709 daAuts
     D:5: 1479 daAuts
     D:2: 1208 daAuts
     D:6: 1080 daAuts
     D:3: 1035 daAuts
     D:1: 924 daAuts
     D:7: 406 daAuts
